 Dungeon Crawl Stone Soup version 0.28.0-53-g5a82cb258f (webtiles) character file.

Game seed: 5035721399673730538

49 DildoBatman the Conjurer (level 4, -11/31 (32) HPs)
             Began as a Formicid Conjurer on Aug 10, 2022.
             Mangled by an ogre
             ... wielding a +0 giant club
              (23 damage)
             ... on level 3 of the Dungeon.
             The game lasted 00:03:09 (1508 turns).

DildoBatman the Conjurer (Formicid Conjurer)        Turns: 1508, Time: 00:03:09

HP:   -11/31 (32)   AC:  2    Str: 12    XL:     4   Next: 1%
MP:   8/8           EV: 12    Int: 17    God:
Gold: 93            SH:  0    Dex: 11    Spells: 5/8 levels left

rFire   . . .      SeeInvis +   b - +0 short sword
rCold   . . .      Faith    .   (no shield)
rNeg    . . .      Spirit   .   a - +0 robe
rPois   .          Reflect  .   (helmet unavailable)
rElec   .          Harm     .   (no cloak)
rCorr   .          Rampage  .   (no gloves)
Will    .....                   (no boots)
Stlth   ++........              (no amulet)
HPRegen 0.10/turn               (no ring)
MPRegen 0.11/turn               (no ring)

@: lightly drained
A: permanent stasis, dig shafts and tunnels, antennae 3, four strong arms
a: Dig, Shaft Self


You were on level 3 of the Dungeon.
You visited 1 branch of the dungeon, and saw 3 of its levels.

You collected 93 gold pieces.

Inventory:

Hand Weapons
 b - a +0 short sword (weapon)
 c - a +0 spear
Missiles
 f - a stone
 g - 25 bolts
 i - 6 arrows
 l - 14 sling bullets
Armour
 a - a +0 robe (worn)
Scrolls
 d - a scroll of identify {unknown}
 j - a scroll of brand weapon {unknown}
 k - a scroll of enchant armour {unknown}
 m - a scroll of enchant weapon {unknown}
Potions
 e - a potion of curing {unknown}
 h - a potion of might {unknown}


   Skills:
 * Level 1.4 Fighting
 * Level 1.5 Armour
 - Level 2.0 Dodging
 - Level 2.4 Stealth
 * Level 2.7 Spellcasting
 * Level 3.9 Conjurations


You had 5 spell levels left.
You knew the following spells:

 Your Spells              Type           Power      Damage    Failure   Level
a - Searing Ray           Conj           30%        2d5       5%          2
c - Magic Dart            Conj           60%        1d6       3%          1

Your spell library contained the following spells:

 Spells                   Type           Power      Damage    Failure   Level
 Dazzling Flash           Conj/Hex       16%        N/A       24%         3
 Sublimation of Blood     Necr           2%         N/A       26%         2
 Wereblood                Tmut           2%         N/A       26%         2
 Fulminant Prism          Conj/Hex       4%         3d6       63%         4
 Iskenderun's Mystic Bla  Conj/Tloc      8%         2d4       63%         4
 Summon Hydra             Summ           1%         N/A       100%        7


Dungeon Overview and Level Annotations

Branches:
Dungeon (3/15)

Altars:
Qazlal

Annotations:
D:3 exclusion: ogre


Innate Abilities, Weirdness & Mutations

You cannot be hasted, slowed, berserked, paralysed or teleported.
You can dig through walls and to a lower floor.
You have a pair of large antennae on your head. (SInv)
Your four strong arms can wield two-handed weapons with a shield.


Message History

g - Guard the area. f - Follow me.
Anything else - Cancel.
You shout for attention!
The rat completely misses you. What are your orders? t - Shout!
Orders for allies: a - Attack new target. r - Retreat! s - Stop attacking. g - Guard the area. f - Follow me.
Anything else - Cancel.
You shout for attention!
The rat bites you but does no damage. What are your orders? t - Shout!
Orders for allies: a - Attack new target. r - Retreat! s - Stop attacking. g - Guard the area. f - Follow me.
Anything else - Cancel.
You shout for attention!
The rat bites you.
You extend your mandibles.
Really walk into a travel-excluded area?
You dig through the rock wall.
You feel drained.
A dart slug comes into view.
Found a stone staircase leading down.
The rat bites you. The ogre hits you with a +0 giant club!
The dart slug barely misses you. What are your orders? t - Shout!
Orders for allies: a - Attack new target. r - Retreat! s - Stop attacking. g - Guard the area. f - Follow me.
Anything else - Cancel.
You shout for attention!
The rat barely misses you.
The ogre hits you with a +0 giant club!!
Ouch! That really hurt!
You die...

#####.##
......# .....#
).#.# #
######.#.##.#.#
......O.......#
#r@w# #.#.#
#.#>.. O..
#.#.####.#
#.#.. #.# #.#..
#.# { #.#..#
#.# #)#..# #.#
{ #.# #.# {{


You could see an ogre, a dart slug and a rat.

Vanquished Creatures
  An adder (D:2)
  A worm (D:2)
  4 ball pythons
  2 bats (D:2)
  2 endoplasms (D:1)
  2 giant cockroaches (D:2)
  A hobgoblin (D:2)
  4 jackals (D:1)
  4 kobolds
  A quokka (D:2)
  8 goblins
  2 rats (D:2)
32 creatures vanquished.

Notes
Turn   | Place    | Note
-------+----------+-------------------------------------------
     0 | D:1      | DildoBatman the Formicid Conjurer began the quest for the
                  | Orb.
     0 | D:1      | Reached XP level 1. HP: 13/13 MP: 3/3
    59 | D:1      | Found a faded altar of an unknown god.
   237 | D:1      | Reached XP level 2. HP: 16/20 MP: 0/5
   255 | D:1      | Learned a level 2 spell: Searing Ray
   265 | D:1      | Found a stormy altar of Qazlal.
   715 | D:2      | Reached skill level 1 in Armour
   783 | D:2      | Reached skill level 1 in Fighting
   783 | D:2      | Reached XP level 3. HP: 24/26 MP: 3/6
  1459 | D:3      | Noticed an ogre
  1477 | D:3      | Reached XP level 4. HP: 32/32 MP: 6/8
  1508 | D:3      | Mangled by an ogre

Illustrated notes

Levels and vault maps discovered:
D:1:      nzn_arrival_settlement, layout_basic,
          shapermc_ecumenical_altar_ellora, kennysheep_flooded_box,
          minmay_misc_feat_diagonals
D:2:      layout_basic, kennysheep_generic_room_5
D:3:      layout_basic, uniq_terence, uniq_robin

Skill      XL: |  1  2 |
---------------+-------+-----
Dodging        | 2 |  2.0
Armour         | 1 |  1.5
Fighting       | 1 |  1.4
Stealth        | |  2.4
Spellcasting   | |  2.7
Conjurations   | |  3.9

Action                   |  1- 3 |  4- 6 || total
-------------------------+-------+-------++-------
Melee: Short sword       |    34 |       ||    34
 Cast: Magic Dart        |    20 |       ||    20
       Searing Ray       |     7 |       ||     7
 Abil: Dig               |       |     1 ||     1
 Stab: Sleeping          |     3 |       ||     3
Armor: Robe              |    14 |     4 ||    18
Dodge: Dodged            |    37 |     9 ||    46
